[Event "Late-Titled-Tuesday-Blitz-September-26-2023"]
[Site "Chess.com"]
[Date "2023.09.26"]
[Round "6"]
[White "GAO"]
[Black "tarno17"]
[Result "0-1"]
[WhiteElo "2321"]
[BlackElo "2168"]
[TimeControl "180+1"]
[EndTime "15:04:40 PDT"]
[Termination "tarno17 won by resignation"]

1. Nf3 d5 2. b3 e6 3. Bb2 Nf6 4. g3 Be7 5. Bg2 O-O 6. O-O c5 7. d3 b6 8. Nbd2 Bb7 9. Re1 Nbd7 10. e4 dxe4 11. dxe4 Qc7 12. Qe2 Rfd8 13. Rad1 a5 14. a4 Ba6 15. c4 Nf8 16. Nb1 Ng6 17. Nc3 Rxd1 18. Rxd1 Rd8 19. h3 h6 20. Kf1 Nd7 21. Nb1 Bf6 22. Bxf6 Nxf6 23. Rd3 Bb7 24. Ne1 Rxd3 25. Qxd3 Ne5 26. Qe2 Qd8 27. f4 Nc6 28. Nc3 Nd4 29. Qd3 Qc7 30. Nb5 Nxb5 31. axb5 Qb8 32.
Ke2 Qa8 33. Ke3 Nh5 34. Kf2 Nf6 35. Ke3 Nh5 36. Kf2 Nf6 37. e5 Ne4+ 38. Kg1 f5 39. exf6 gxf6 40. Nf3 Nxg3 41. Nh4 Nf5 42. Nxf5 exf5 43.
Bxb7 Qxb7 44. Qxf5 Kg7 45. Qe6 Qf3 46. Qg4+ Qxg4+ 47.
hxg4 f5 48. gxf5 Kf6 49. Kg2 Kxf5 50. Kf3 h5 51. Kg3 h4+ 52. Kxh4 Kxf4 53. Kh3 Ke3 54.
Kg4 Kd3 55. Kf5 Kc3 56. Ke5 Kxb3 57. Kd5 a4 58. Kc6 a3 59. Kxb6 Kxc4 60. Kc6 a2 61. b6 a1=Q 62. b7 Qa6+ 63. Kc7 Qb5 64. b8=Q Qxb8+ 65. Kxb8 Kb4 66. Kc7 c4 0-1

[Event "Late-Titled-Tuesday-Blitz-September-26-2023"]
[Site "Chess.com"]
[Date "2023.09.26"]
[Round "6"]
[White "mitrabhaa"]
[Black "Oleksandr_Bortnyk"]
[Result "0-1"]
[WhiteElo "2830"]
[BlackElo "3009"]
[TimeControl "180+1"]
[EndTime "15:04:41 PDT"]
[Termination "Oleksandr_Bortnyk won by checkmate"]

1. Nf3 Nf6 2. d4 d6 3. e3 g6 4. c4 Bg7 5. b4 c5 6. bxc5 dxc5 7. Bb2 cxd4 8. exd4 O-O 9. Be2 Bf5 10. Nbd2 Nc6 11. O-O Ne4 12. Nb3 a5 13. a4 Qb6 14. Nh4 Rfd8 15.
Nxf5 gxf5 16. c5 Nxc5 17. dxc5 Rxd1 18. cxb6 Rxf1+ 19. Kxf1 Bxb2 20. Rb1 Bc3 21. Bf3 Bb4 22. Rc1 Nd8 23. Nd4 e6 24. Nb5 Ra6 25. Rc8 Be7 26.
Bxb7 Rxb6 27. Bf3 Kg7 28. Rc7 Bb4 29. g3 e5 30. Bd5 Ne6 31. Ra7 Kf6 32. h4 h6 33. Kg2 e4 34. Rd7 Rb8 35. Na7 Rc8 36.
Nc6 h5 37. Kf1 Bc5 38. Nxa5 Bb6 39. Nc4 Bc5 40. a5 Rb8 41. a6 Rb1+ 42. Kg2 Ra1 43. Bxe6 fxe6 44. Rc7 Bd4 45. Rc6 Ra2 46. Nd6 Rxf2+ 47.
Kh3 Ra2 48. Nb5 Bg1 49. g4 hxg4+ 50. Kg3 Bh2# 0-1

[Event "Late-Titled-Tuesday-Blitz-September-26-2023"]
[Site "Chess.com"]
[Date "2023.09.26"]
[Round "6"]
[White "szachmistrz2500"]
[Black "FMVolodymyrSakun"]
[Result "0-1"]
[WhiteElo "2442"]
[BlackElo "2641"]
[TimeControl "180+1"]
[EndTime "15:04:41 PDT"]
[Termination "FMVolodymyrSakun won by resignation"]

1. Nf3 c5 2. g3 Nc6 3. Bg2 e5 4. O-O d5 5. d3 Nf6 6. e4 dxe4 7.
dxe4 Qxd1 8. Rxd1 Bg4 9. Re1 O-O-O 10. c3 Nxe4 11. Nxe5 Nxe5 12. Bxe4 Nf3+ 13. Bxf3 Bxf3 14. Nd2 Bd5 15. Nf1 f6 16. Be3 g5 17. b3 h5 18.
Rad1 h4 19. c4 Bc6 20. Rxd8+ Kxd8 21. f4 g4 22. Bd2 Bf3 23. Bc3 Be7 24. Nd2 hxg3 25.
Nxf3 gxf3 26. hxg3 Rh3 27. Kf2 Rh2+ 28. Kxf3 Rxa2 29.
Rd1+ Ke8 30. Re1 Kf7 31. Re3 a6 32. Ke4 b5 33. Kd5 b4 34. Be1 a5 35. Rf3 a4 36.
bxa4 Rxa4 37. Rb3 f5 38. Bd2 Kg6 39. Be3 Ra3 40. Bxc5 Bxc5 41. Rb1 Bf8 42. c5 Rc3 43. Rxb4 Rxc5+ 44. Kd4 Rd5+ 45. Kxd5 Bxb4 46. Ke6 Be1 47. g4 fxg4 48. f5+ Kg5 49. f6 Bb4 50. f7 g3 0-1

[Event "Late-Titled-Tuesday-Blitz-September-26-2023"]
[Site "Chess.com"]
[Date "2023.09.26"]
[Round "6"]
[White "0gZPanda"]
[Black "Mikhail_Bryakin"]
[Result "0-1"]
[WhiteElo "3031"]
[BlackElo "2859"]
[TimeControl "180+1"]
[EndTime "15:04:42 PDT"]
[Termination "Mikhail_Bryakin won by resignation"]

1. d4 d6 2. c4 e5 3. e4 exd4 4. Qxd4 Nc6 5. Qd1 g6 6. Nc3 Bg7 7. Nge2 Nge7 8. g3 O-O 9. Bg2 f5 10. O-O Kh8 11. Be3 fxe4 12. Qd2 Bf5 13. Nxe4 Ne5 14.
Rac1 Bxe4 15. Bxe4 Nf3+ 16. Bxf3 Rxf3 17. Kg2 Rf7 18.
Bd4 Qd7 19. Bxg7+ Rxg7 20. Nf4 Nf5 21. Rfe1 Re8 22. Rxe8+ Qxe8 23. Re1 Re7 24. Qc3+ Kg8 25. Nd5 Qc6 26. Rd1 Re5 27. Qf3 Qxc4 28. b3 Qc2 29. Kg1 c6 30. Nf4 Qe4 31. Qc3 d5 32. Qa5 Nd4 33. Qxa7 Nf3+ 34. Kf1 Nxh2+ 35. Kg1 Nf3+ 36. Kf1 g5 37. Nh5 Qg6 38. Qb8+ Kf7 39. g4 Nh2+ 40.
Kg2 Nxg4 41. Ng3 Re7 42. Rh1 h6 43. Qh8 Qf6 44. Qh7+ Ke8 45. Qc2 Kd7 46. Rd1 Rf7 47.
Rd2 Qf3+ 48. Kg1 Nxf2 49. Rxf2 Qxg3+ 50. Rg2 Qe3+ 51. Kh2 Rf4 52. Qh7+ Kc8 53. Qh8+ Kc7 54. Qh7+ Kb6 0-1

[Event "Late-Titled-Tuesday-Blitz-September-26-2023"]
[Site "Chess.com"]
[Date "2023.09.26"]
[Round "6"]
[White "Slovak_fighter2000"]
[Black "rychessmaster1"]
[Result "1-0"]
[WhiteElo "2471"]
[BlackElo "2700"]
[TimeControl "180+1"]
[EndTime "15:04:43 PDT"]
[Termination "Slovak_fighter2000 won by resignation"]

1. d4 Nf6 2. Nf3 d5 3. c4 e6 4. Nc3 Bb4 5. Qa4+ Nc6 6. e3 O-O 7. Bd2 dxc4 8. Bxc4 Bd6 9. O-O e5 10. dxe5 Nxe5 11. Nxe5 Bxe5 12. Rad1 c6 13. Be2 Re8 14. Qh4 Qc7 15. f4 Bd6 16. e4 Bc5+ 17. Kh1 Nxe4 18. Nxe4 Rxe4 19. Bd3 Bf5 20. Bxe4 Bxe4 21. Bc3 Re8 22. Bxg7 Kxg7 23. Qg5+ Kh8 24. Qxc5 f5 25. Qd4+ Kg8 26. Qd7 Re7 27. Qxc7 Rxc7 28. Rd8+ Kf7 29. Rfd1 Bd5 30. a3 Re7 31. b4 a6 32. h3 Re3 33.
Kh2 b5 34. R1xd5 cxd5 35. Rxd5 Ke6 36. Rc5 Rxa3 37. g4 fxg4 38. hxg4 Kd6 39. Rh5 Ra4 40. Rxh7 Rxb4 41. Kg3 a5 42. Ra7 a4 43. f5 Rb1 44. Kh4 Kc5 45. f6 Rf1 46. g5 Kb4 47. f7 a3 48. g6 Rh1+ 49. Kg5 Rg1+ 50. Kh6 Rf1 51. Kg7 Kc3 52. Rxa3+ 1-0

[Event "Late-Titled-Tuesday-Blitz-September-26-2023"]
[Site "Chess.com"]
[Date "2023.09.26"]
[Round "6"]
[White "Gameking51"]
[Black "ferdipy"]
[Result "1-0"]
[WhiteElo "2613"]
[BlackElo "2342"]
[TimeControl "180+1"]
[EndTime "15:04:44 PDT"]
[Termination "Gameking51 won on time"]

1. e4 e6 2. d4 d5 3. Nc3 Bb4 4. e5 c5 5. a3 Bxc3+ 6. bxc3 Ne7 7. Qg4 Qc7 8. Qxg7 Rg8 9. Qxh7 cxd4 10. Ne2 Nbc6 11.
Bd2 dxc3 12. Bxc3 Nxe5 13. Bb4 N5c6 14. c3 a5 15. Bc5 b6 16. Be3 Ba6 17. Qb1 Ne5 18.
Qxb6 Qxb6 19. Bxb6 Nc4 20. Bc5 Nf5 21. Ng3 Nxg3 22.
hxg3 Rc8 23. Bd4 e5 24. Bxe5 Nxe5 25. Bxa6 Rxc3 26. Kd2 Rc7 27. Rae1 Re7 28. Rh5 f6 29. Bb5+ Kd8 30. Kc3 d4+ 31. Kd2 Rb7 32. a4 Rc7 33.
Re4 d3 34. Rd4+ Ke7 35. Rh7+ Nf7 36. Rxd3 Rc5 37. Re3+ Re5 38. Rxe5+ fxe5 39. Bc4 Rf8 40.
Rxf7+ Rxf7 41. Bxf7 Kxf7 42. Ke3 Kf6 43. Ke4 Ke6 44. f4 exf4 45. gxf4 Kd6 46. g4 Kc5 47. g5 Kb4 48. g6 Kxa4 49. g7 Ka3 50.
g8=Q 1-0

[Event "Late-Titled-Tuesday-Blitz-September-26-2023"]
[Site "Chess.com"]
[Date "2023.09.26"]
[Round "6"]
[White "MeisterJabo"]
[Black "dorpato"]
[Result "1-0"]
[WhiteElo "2319"]
[BlackElo "2023"]
[TimeControl "180+1"]
[EndTime "15:04:44 PDT"]
[Termination "MeisterJabo won by resignation"]

1. d4 Nf6 2. c4 g6 3. Nf3 Bg7 4. Nc3 d5 5. cxd5 Nxd5 6. e4 Nxc3 7. bxc3 c5 8. Be2 Nc6 9. O-O cxd4 10. cxd4 Nxd4 11.
Nxd4 Qxd4 12. Bb5+ Kf8 13. Qxd4 Bxd4 14. Bh6+ Bg7 15. Bxg7+ Kxg7 16. Rac1 e5 17. Rc7 Rb8 18. Bc4 Rf8 19. f4 Kf6 20. fxe5+ Kxe5 21. Re7+ Kd6 22. Rexf7 Rxf7 23. Rxf7 h5 24. Rg7 Ke5 25. Rxg6 Kxe4 26. Rg5 Bg4 27. h3 Bd1 28. Bd5+ Kd3 29. Kf2 Kc2 30.
Bb3+ Kc1 31. Bxd1 Kxd1 32. Rxh5 Rf8+ 33. Kg1 Kc1 34. g4 Kb2 35. Rb5+ Kxa2 36. Rxb7 a5 37. Kg2 a4 38. Kg3 a3 39. h4 Rc8 40. h5 Rc3+ 41. Kh4 Rb3 42. Ra7 Kb2 43. h6 a2 44. Rxa2+ Kxa2 45.
g5 Rb1 46. g6 Rh1+ 47. Kg5 Rg1+ 48. Kf6 Rf1+ 49. Kg7 Kb3 50. h7 Rh1 51. h8=Q Rxh8 52. Kxh8 Kc4 53. g7 1-0

[Event "Late-Titled-Tuesday-Blitz-September-26-2023"]
[Site "Chess.com"]
[Date "2023.09.26"]
[Round "6"]
[White "Goryachkina"]
[Black "Angry_Twin"]
[Result "1/2-1/2"]
[WhiteElo "2666"]
[BlackElo "2941"]
[TimeControl "180+1"]
[EndTime "15:04:47 PDT"]
[Termination "Game drawn by repetition"]

1. e4 c5 2. Nf3 d6 3. Bb5+ Nd7 4. Ba4 Nf6 5. O-O a6 6. c4 Nxe4 7. Re1 Nf6 8. d4 e6 9. d5 e5 10. Nxe5 Be7 11. Nc6 bxc6 12. dxc6 O-O 13. cxd7 Bxd7 14.
Bxd7 Qxd7 15. Nc3 h6 16. h3 Rfe8 17. Bf4 Bf8 18. Qd2 Qf5 19. Rad1 Rxe1+ 20. Rxe1 Rd8 21. Bg3 Rd7 22. b3 d5 23. cxd5 Nxd5 24. Nxd5 Rxd5 25.
Qe2 Qf6 26. Qe8 Rd8 27. Qa4 Rd2 28. Re8 Rd1+ 29. Kh2 Qa1 30. Be5 Rh1+ 31. Kg3 Qb1 32. Qxa6 Qf5 33. Qd6 Qg5+ 34. Kf3 Qf5+ 35. Kg3 Qg5+ 36.
Kf3 Qf5+ 37. Bf4 Kh7 38. Qxf8 Qd5+ 39. Kg3 Qd3+ 40. Be3 Qg6+ 41. Kf3 Qc6+ 42. Ke2 Qa6+ 43. Kf3 Qf6+ 44. Kg3 Qg6+ 45. Kf3 Qc6+ 46. Ke2 Qa6+ 47. Kf3 Qf6+ 48. Kg3 Qg6+ 1/2-1/2

[Event "Late-Titled-Tuesday-Blitz-September-26-2023"]
[Site "Chess.com"]
[Date "2023.09.26"]
[Round "6"]
[White "EsmeraldasAnderson03"]
[Black "Nf3c5"]
[Result "0-1"]
[WhiteElo "2423"]
[BlackElo "2596"]
[TimeControl "180+1"]
[EndTime "15:04:49 PDT"]
[Termination "Nf3c5 won on time"]

1. d4 Nf6 2. Nf3 e6 3. c4 Bb4+ 4. Nbd2 O-O 5. g3 Re8 6. Bg2 Nc6 7. O-O Bf8 8. e4 d6 9. a3 a5 10. e5 dxe5 11. dxe5 Nd7 12. Qe2 Nc5 13. Rd1 Qd3 14. Qxd3 Nxd3 15. Nb3 Ndxe5 16. Nxe5 Nxe5 17. Bf4 Nxc4 18. Bxc7 a4 19. Nd4 Nxb2 20. Rdb1 Nc4 21. Nb5 Nd2 22.
Rd1 Nb3 23. Ra2 e5 24. Re2 Bg4 25. f3 Be6 26. Rxe5 Rac8 27. f4 Nc5 28. Bb6 Bb3 29. Rd2 Rxe5 30. fxe5 h6 31. Nd6 Bxd6 32. Rxd6 Be6 33.
Bxc5 Rxc5 34. Bxb7 Rxe5 35. Ra6 Bb3 36. Kf2 Rc5 37. Be4 g6 38. h4 h5 39. Ke3 Kg7 40.
Kd4 Rc1 41. Ke5 Ra1 42. Bd5 Rxa3 43. Bc6 Ra1 44. Kf4 a3 45. Kg5 a2 46. Be4 Rg1 47. Bxg6 Rxg3+ 48. Kxh5 Rxg6 49. Rxa2 Bd1+ 0-1

[Event "Late-Titled-Tuesday-Blitz-September-26-2023"]
[Site "Chess.com"]
[Date "2023.09.26"]
[Round "6"]
[White "agustinv04"]
[Black "ZuraTqebuchava"]
[Result "0-1"]
[WhiteElo "2348"]
[BlackElo "2246"]
[TimeControl "180+1"]
[EndTime "15:04:52 PDT"]
[Termination "ZuraTqebuchava won on time"]

1. e4 e5 2. Nf3 Nc6 3. Bc4 Be7 4. d4 exd4 5. c3 dxc3 6. Qd5 Nh6 7. Bxh6 O-O 8. Nxc3 gxh6 9. Qh5 Bf6 10. Qxh6 Bg7 11.
Qd2 d6 12. O-O Be6 13. Nd5 Bxd5 14. Bxd5 Qf6 15. Rab1 Rab8 16. b3 Nd4 17. Nxd4 Qxd4 18. Rfd1 Qxd2 19. Rxd2 Rfe8 20. f3 c5 21. Bc4 Bd4+ 22.
Kf1 b5 23. Bd5 a5 24. Rdd1 Kg7 25. a4 bxa4 26. bxa4 Rb4 27. Rxb4 axb4 28. Ke2 Re7 29. Kd3 Ra7 30. Bc6 b3 31. Rb1 b2 32. h3 Kf6 33.
f4 Ke7 34. Bb5 Kd8 35. g4 Kc7 36. Kc4 Kb6 37. Kd5 Ka5 38. Kc4 Re7 39. Bc6 Rc7 40. Bb5 h6 41. Rd1 f6 42. Rb1 Re7 43. Bc6 h5 44. f5 hxg4 45. hxg4 Rh7 46. Kb3 Rh2 47.
Ka2 Rc2 48. Rh1 Rc1 0-1

[Event "Late-Titled-Tuesday-Blitz-September-26-2023"]
[Site "Chess.com"]
[Date "2023.09.26"]
[Round "6"]
[White "djano"]
[Black "JG-17"]
[Result "0-1"]
[WhiteElo "2647"]
[BlackElo "2520"]
[TimeControl "180+1"]
[EndTime "15:04:54 PDT"]
[Termination "JG-17 won by resignation"]

1. d4 Nf6 2. Bf4 b6 3. Nc3 Bb7 4. f3 d5 5. e4 dxe4 6. fxe4 Nxe4 7. Qf3 Qxd4 8. Nb5 Qb4+ 9. c3 Nxc3 10. Nxc7+ Kd8 11.
bxc3 e5 12. Qd3+ Qd6 13. Nxa8 exf4 14. O-O-O Qxd3 15. Rxd3+ Kc8 16. Be2 Ba3+ 17. Kd2 Bxa8 18. Bf3 Nc6 19. Nh3 Ne5 20. Bxa8 Nxd3 21. Kxd3 Kc7 22. Bd5 Rd8 23. c4 Bd6 24. Ng5 Re8 25. Nxf7 Re3+ 26. Kc2 Be7 27. Rd1 g5 28. Nh6 Bb4 29.
Nf5 Re2+ 30. Kb3 a5 31. Nd4 Re3+ 32. Kc2 a4 33. Rd3 Re1 34. Ne6+ Kb8 35. Nxg5 Bc5 36. Ne4 Be3 37. Kb2 Re2+ 38. Ka3 Rxg2 39. Kxa4 Rxa2+ 40. Kb5 Kc7 41. Be6 Ra5+ 42. Kb4 Re5 43. Rd7+ Kc6 44. Re7 Bc5+ 45. Nxc5 bxc5+ 46. Kb3 Kd6 47.
Rxh7 Kxe6 48. Rh8 f3 49. Re8+ Kf5 50. Rf8+ Ke4 51. Kc3 Ke3 52. Rf7 f2 53. Kb3 Ke2 54. Ka4 f1=Q 55. Rxf1 Kxf1 56. Kb5 Kg2 57. Kc6 Kxh2 58.
Kd6 Rh5 59. Ke6 Kg2 0-1

[Event "Late-Titled-Tuesday-Blitz-September-26-2023"]
[Site "Chess.com"]
[Date "2023.09.26"]
[Round "6"]
[White "sergeikim"]
[Black "acertijo08"]
[Result "0-1"]
[WhiteElo "2598"]
[BlackElo "2408"]
[TimeControl "180+1"]
[EndTime "15:04:55 PDT"]
[Termination "acertijo08 won by resignation"]

1. d4 Nf6 2. c4 e6 3. Nc3 Bb4 4. Qc2 O-O 5. a3 Bxc3+ 6. Qxc3 d5 7. Nf3 b6 8. g3 dxc4 9. Qxc4 Ba6 10. Qc2 Nbd7 11.
Qc6 Qc8 12. Bg2 Bb7 13. Qa4 c5 14. O-O cxd4 15. Qxd4 Nc5 16. Bg5 Nb3 17. Qh4 Nxa1 18. Bxf6 gxf6 19. Rxa1 Qc2 20. Qxf6 Qg6 21. Qf4 Qe4 22.
Qg5+ Qg6 23. Qf4 Bd5 24. Ne5 Qg7 25. Bxd5 exd5 26. Rd1 Rad8 27. Ng4 f5 28. Ne5 Rfe8 29.
Nc6 Rd7 30. Nd4 Re4 31. Qd2 f4 32. Qd3 Qe5 33. b4 fxg3 34. hxg3 h5 35. b5 h4 36. Nf3 Qg7 37. Kg2 hxg3 38. fxg3 Rde7 39. Rd2 d4 40. Qc4+ Kh8 41. Qc8+ Qg8 42. Qxg8+ Kxg8 43. Nxd4 Rd7 44.
e3 Rxe3 45. Kf2 Re4 46. Nf3 Rxd2+ 47. Nxd2 Ra4 48. Ke3 Rxa3+ 49. Kd4 Rxg3 50. Nc4 Rg5 51. Ne5 Kf8 52. Nc6 Rxb5 53. Nxa7 Rc5 54. Kd3 Ke7 55. Kd4 Kd7 0-1

[Event "Late-Titled-Tuesday-Blitz-September-26-2023"]
[Site "Chess.com"]
[Date "2023.09.26"]
[Round "6"]
[White "emeli_chess"]
[Black "scandalgod"]
[Result "1-0"]
[WhiteElo "2374"]
[BlackElo "2488"]
[TimeControl "180+1"]
[EndTime "15:04:57 PDT"]
[Termination "emeli_chess won by resignation"]

1. d4 d5 2. c4 c6 3. Nc3 Nf6 4. e3 a6 5. c5 Nbd7 6. f4 g6 7. Nf3 Bg7 8. Bd3 O-O 9. O-O b6 10. cxb6 Qxb6 11. Na4 Qa7 12. Bd2 c5 13. dxc5 Nxc5 14.
Nxc5 Qxc5 15. Rc1 Qa7 16. Qc2 Bd7 17. Qc5 Qb7 18. b4 Bb5 19. Ne5 Rac8 20. Qd4 Nd7 21.
Bxb5 axb5 22. Rxc8 Rxc8 23. Rc1 Nxe5 24. fxe5 Rc4 25.
Rxc4 bxc4 26. e4 e6 27. exd5 exd5 28. Bc3 Qa8 29. a4 Qxa4 30. Qxd5 Qc2 31. Qd8+ Bf8 32.
Qd4 Bg7 33. Qxc4 Qd1+ 34. Qf1 Qc2 35. Qe1 Qb3 36. h3 Bf8 37. Kh1 Qc4 38. Qd2 Qf1+ 39. Kh2 Qc4 40. Qd4 Qb3 41. e6 fxe6 42. Qh8+ Kf7 43.
Qxh7+ Ke8 44. Qxg6+ Kd7 45. Qd3+ Bd6+ 46. g3 Kc6 47. h4 Qa2+ 48. Kh3 Qf2 49. Qe4+ Kd7 50. Be5 Qf1+ 51. Kg4 Qd1+ 52. Kg5 Be7+ 53. Kg6 Ke8 54. Bf6 Kd7 55. Bxe7 Kxe7 56. Qb7+ Kd6 57. Qb6+ Ke5 58.
Qc5+ Ke4 59. Kf6 Qd8+ 60. Qe7 Qd5 61. Qxe6+ 1-0

[Event "Late-Titled-Tuesday-Blitz-September-26-2023"]
[Site "Chess.com"]
[Date "2023.09.26"]
[Round "6"]
[White "dretch"]
[Black "Polish_fighter3000"]
[Result "0-1"]
[WhiteElo "2847"]
[BlackElo "3081"]
[TimeControl "180+1"]
[EndTime "15:04:58 PDT"]
[Termination "Polish_fighter3000 won on time"]

1. d4 Nf6 2. c4 g6 3. Nc3 Bg7 4. e4 d6 5. Nf3 O-O 6. h3 c5 7.
d5 e5 8. Bg5 Kh8 9. g4 Na6 10.
Be2 Nc7 11. Nd2 Qe8 12. h4 Ng8 13. h5 Bf6 14. Bxf6+ Nxf6 15. g5 Ng8 16. Nb5 Qe7 17. Nxc7 Qxc7 18. Bg4 Rb8 19. a4 a6 20. Ra3 Re8 21. Rah3 Re7 22. Bxc8 Qxc8 23. a5 b6 24. axb6 Rxb6 25. b3 a5 26. f4 a4 27. hxg6 fxg6 28. f5 gxf5 29. Qh5 Rbb7 30. g6 Nf6 31. Qg5 Qf8 32.
Qxf5 a3 33. Ke2 a2 34. Ra1 Ra7 35. Rf3 Kg7 36. gxh7 Rf7 37. Qg5+ Kh8 38. Qg6 Nxh7 39. Rxf7 Rxf7 40. Kd3 Rg7 41. Qf5 Rf7 42. Qh3 Qa8 43.
Kc2 Rf2 44. Qe3 Rg2 45. Kb2 Qa5 46. Kc2 Ng5 47. Kd3 Qa3 48. Kc2 Kg7 49. Kd3 Qb2 50. Qe1 Kg6 51. Rd1 Rxd2+ 52. Rxd2 a1=Q 53. Qf2 Qd4+ 54. Ke2 Qxf2+ 0-1

[Event "Late-Titled-Tuesday-Blitz-September-26-2023"]
[Site "Chess.com"]
[Date "2023.09.26"]
[Round "6"]
[White "komogro"]
[Black "nOcHeaTiNgKiD"]
[Result "1-0"]
[WhiteElo "2454"]
[BlackElo "2575"]
[TimeControl "180+1"]
[EndTime "15:05:03 PDT"]
[Termination "komogro won by checkmate"]

1. Nf3 d5 2. d4 Nf6 3. c4 c6 4. Nc3 a6 5. cxd5 cxd5 6. Bg5 Ne4 7. Bf4 Nc6 8. Rc1 Nxc3 9. bxc3 g6 10. e3 Bg7 11. c4 O-O 12. cxd5 Qxd5 13. Bc4 Qa5+ 14. Qd2 Qxd2+ 15. Kxd2 Rd8 16. Ke2 Bf5 17. h3 h6 18.
Rhd1 g5 19. Bc7 Rd7 20. Bb6 e6 21. g4 Be4 22. Ne1 Re8 23. f3 Bd5 24. Nd3 Bf8 25.
Nc5 Rde7 26. e4 Bxc4+ 27. Rxc4 Bg7 28. Nb3 Rd7 29. Rc2 Nb4 30. Rcd2 Rc8 31. Nc5 Re7 32. Kf2 Rc6 33. Ba5 Nxa2 34. Rxa2 b6 35. Bxb6 Rxb6 36. Rxa6 Rb2+ 37. Ke3 Rc7 38. Ra8+ Kh7 39. Ra3 e5 40. Nb3 Rc3+ 41. Rd3 Rcc2 42. dxe5 Bf8 43. Ra7 Rxb3 44. Rxb3 Bc5+ 45. Kd3 Rf2 46. Rxf7+ Kg8 47. Rbb7 Bf8 48. e6 h5 49. Kd4 Rd2+ 50. Ke5 h4 51. Kf5 Rc2 52.
Kxg5 Rc6 53. Kxh4 Rxe6 54. Kg3 Rh6 55. Rf5 Bd6+ 56. e5 Bf8 57. Rb8 Kg7 58. Rbxf8 Rc6 59. R5f7+ Kg6 60. Rf6+ Kg5 61. Rg8# 1-0

[Event "Late-Titled-Tuesday-Blitz-September-26-2023"]
[Site "Chess.com"]
[Date "2023.09.26"]
[Round "6"]
[White "esrosenberg"]
[Black "nitpicker"]
[Result "1-0"]
[WhiteElo "2368"]
[BlackElo "2241"]
[TimeControl "180+1"]
[EndTime "15:05:03 PDT"]
[Termination "esrosenberg won on time"]

1. Nf3 Nf6 2. d4 d5 3. c3 g6 4. Bf4 Bg7 5. h3 O-O 6. Nbd2 b6 7.
e3 Bb7 8. a4 a6 9. a5 Nbd7 10.
axb6 cxb6 11. Be2 b5 12. O-O Rc8 13. Ne5 Ne4 14. Nxe4 dxe4 15. Nxd7 Qxd7 16. Qb3 Rfd8 17. Bg5 h6 18. Bg4 Qc7 19. Bxc8 Bxc8 20. Bf4 Qc6 21.
Qa3 Bf8 22. Qa5 Qd5 23. Qc7 Re8 24. Ra5 g5 25. Bg3 Bg7 26. Rc1 f5 27. c4 Qd7 28.
Qxd7 Bxd7 29. Rxa6 bxc4 30. Ra7 Be6 31. Rca1 Kf7 32.
R1a6 Bd5 33. Rd7 Be6 34. Rc7 Bd5 35. Rc5 Be6 36. Be5 Bf6 37. Bxf6 exf6 38. Rc7+ Kg6 39. Rd6 f4 40. d5 Bf5 41. Rcc6 Rf8 42. Rxc4 f3 43. g4 Bc8 44. Rcc6 Bb7 45. Rb6 Bc8 46. Kh2 h5 47. gxh5+ Kxh5 48. Rxf6 Rh8 49. d6 g4 50. hxg4+ Kxg4+ 51. Kg1 Bf5 52. d7 Rd8 53. Rbd6 Ra8 54. Rd1 1-0

[Event "Late-Titled-Tuesday-Blitz-September-26-2023"]
[Site "Chess.com"]
[Date "2023.09.26"]
[Round "6"]
[White "RichardLeyvaP"]
[Black "vugarrasulov"]
[Result "0-1"]
[WhiteElo "2646"]
[BlackElo "2951"]
[TimeControl "180+1"]
[EndTime "15:05:04 PDT"]
[Termination "vugarrasulov won on time"]

1. e4 c5 2. Nf3 Nc6 3. d4 cxd4 4. Nxd4 e5 5. Nb5 d6 6. c4 Be7 7. N1c3 a6 8. Na3 f5 9. exf5 Bxf5 10. Bd3 Be6 11. O-O Nf6 12. Nc2 O-O 13. Bg5 Rc8 14.
Ne3 Nd4 15. Rc1 Qe8 16. b3 Nd7 17. Bxe7 Qxe7 18. Ne2 Nxe2+ 19. Qxe2 Qg5 20. Be4 Nc5 21. Bd5 Kh8 22. Bxe6 Nxe6 23. Rcd1 Nd4 24. Qg4 Qxg4 25. Nxg4 b5 26. Ne3 h6 27. Rd2 Rc6 28. f4 Rxf4 29. Rxf4 exf4 30. Rxd4 fxe3 31. Kf1 Kh7 32. Ke2 Kg6 33.
Kxe3 bxc4 34. Rxc4 Rb6 35. Kd4 Kf5 36. Kd5 a5 37.
Ra4 Rb5+ 38. Kxd6 h5 39. Rc4 Kg6 40. Rc5 Rb6+ 41. Rc6 Rb5 42. Rc5 Rb6+ 43. Kd5 Rb8 44. Rxa5 Rd8+ 45. Ke4 Rd2 46. Kf3 Rb2 47. h4 Rc2 48. g3 Rc3+ 49. Kg2 Rc2+ 50. Kh3 Rb2 51. Ra4 Kf5 52. b4 Ke4 53. a3 Kf3 0-1

[Event "Late-Titled-Tuesday-Blitz-September-26-2023"]
[Site "Chess.com"]
[Date "2023.09.26"]
[Round "6"]
[White "GaiozNigalidze"]
[Black "Misticpikachu"]
[Result "1/2-1/2"]
[WhiteElo "2723"]
[BlackElo "2564"]
[TimeControl "180+1"]
[EndTime "15:05:04 PDT"]
[Termination "Game drawn by repetition"]

1. d4 d5 2. c4 e6 3. Nc3 Nf6 4. cxd5 exd5 5. Bg5 Be6 6. e3 c6 7. Bd3 Nbd7 8. Nge2 h6 9. Bh4 g5 10. Bg3 Nh5 11.
Qc2 Nxg3 12. Nxg3 h5 13. Nf5 Qf6 14. a3 Nb6 15. O-O Bxf5 16. Bxf5 Bd6 17. e4 Qxd4 18. exd5 O-O 19. dxc6 bxc6 20. Rad1 Qe5 21. f4 Qe3+ 22. Kh1 Bxf4 23. Ne4 Rad8 24. Nf6+ Kh8 25. Bd7 Kg7 26. Nxh5+ Kh6 27. Nf6 Kg7 28. Ng4 Qe7 29. Bxc6 Rxd1 30. Rxd1 Rd8 31. Qc3+ f6 32. Rxd8 Qxd8 33. Qc2 Nc4 34.
Bf3 Qd4 35. g3 Be5 36. b3 Ne3 37. Nxe3 Qxe3 38. Qd1 Bc3 39. a4 Qe1+ 40. Qxe1 Bxe1 41. Be4 a5 42. Kg2 Kf7 43. Kf3 Ke6 44. Kg4 Ke5 45.
Bd3 Ke6 46. h4 gxh4 47. gxh4 Kf7 48. h5 Kg7 49. Bg6 Bc3 50. Kf5 Bd2 51. Ke4 Be1 52.
Kd3 Bb4 53. Kc4 Be1 54. Kb5 Bb4 55. Kc4 Be1 56. Be8 Bb4 57. Kd5 Be1 58. Bg6 Bb4 59.
Ke6 Be1 60. Kd5 Bb4 61. Ke4 Bc3 62. Kd3 Bb4 63. Ke2 Kh6 64. Be8 Kg7 65. Bg6 Bc3 66. Kd3 Bb4 1/2-1/2

[Event "Late-Titled-Tuesday-Blitz-September-26-2023"]
[Site "Chess.com"]
[Date "2023.09.26"]
[Round "6"]
[White "VincentKeymer"]
[Black "MITerryble"]
[Result "0-1"]
[WhiteElo "3036"]
[BlackElo "2951"]
[TimeControl "180+1"]
[EndTime "15:05:05 PDT"]
[Termination "MITerryble won by resignation"]

1. Nf3 d5 2. e3 Nf6 3. c4 e6 4. Nc3 a6 5. b3 dxc4 6. bxc4 c5 7. Bb2 Nc6 8. a3 e5 9. Qc2 Be7 10. h3 h6 11. Bd3 Be6 12. Ne4 Nd7 13. g4 Qc7 14.
Rb1 b6 15. Ba1 Rd8 16. Rg1 g6 17. h4 Kf8 18. h5 g5 19. Nh2 Nf6 20. Nxf6 Bxf6 21.
Be4 Nb8 22. Nf1 Nd7 23. f3 Rb8 24. a4 Kg7 25. Ng3 Rhd8 26. Kf2 Kg8 27. Bd5 Nf8 28. e4 Bd7 29. Nf5 Kh7 30. Bxf7 Bxf5 31. Bd5 Bd7 32.
f4 gxf4 33. g5 hxg5 34. Qc3 Ne6 35. Qf3 Nd4 36. Bxd4 cxd4 37. d3 Kh6 38. Rg2 Qd6 39. Rbg1 Qe7 40. Qe2 Rf8 41. Qa2 b5 42. cxb5 axb5 43.
a5 b4 44. a6 b3 45. Bxb3 g4 46. Rxg4 Be6 47. Bxe6 Kh7 48. Bf5+ Kh8 49. Rg6 Qh7 50. Rxf6 Qxh5 51. Rxf8+ Rxf8 52. Kf1 Qd1+ 53. Kf2 Qh5 54. Qe2 Qh4+ 55. Kf1 Rb8 56. Qf2 Rb1+ 57. Ke2 Rb2+ 58. Kd1 Qxf2 59. Rh1+ Kg8 0-1

[Event "Late-Titled-Tuesday-Blitz-September-26-2023"]
[Site "Chess.com"]
[Date "2023.09.26"]
[Round "6"]
[White "imdarealist"]
[Black "Rainbow2014"]
[Result "1-0"]
[WhiteElo "2281"]
[BlackElo "2428"]
[TimeControl "180+1"]
[EndTime "15:05:05 PDT"]
[Termination "imdarealist won by checkmate"]

1. d4 Nf6 2. Bf4 d6 3. e3 g6 4. Nf3 Bg7 5. h3 O-O 6. Bh2 Re8 7. c3 Nbd7 8. Be2 e5 9. O-O b6 10. a4 a5 11. Na3 Bb7 12. Nb5 h6 13. Qb3 Nd5 14. Rfe1 Nf8 15. Bc4 c6 16. Bxd5 cxd5 17. Rad1 Rc8 18. dxe5 dxe5 19. e4 Rc5 20. exd5 Rxd5 21.
c4 Rxd1 22. Rxd1 Qe7 23. Nd6 Rd8 24. Nxb7 Rxd1+ 25. Qxd1 Qxb7 26. Qd6 e4 27. Nd4 Nd7 28.
b3 Nc5 29. Qd8+ Kh7 30. Bf4 Nd3 31. Be3 Nc5 32. Qd6 Nd7 33. Nb5 h5 34. Bd4 Bf8 35. Qf4 Kg8 36. Be3 Qc6 37. Nd4 Qd6 38. Qxe4 Nc5 39.
Qf3 Bg7 40. Ne2 Qd1+ 41. Kh2 Qxb3 42. Qe4 Qxa4 43. Qd5 Qd7 44. Qf3 Qc7+ 45. Bf4 a4 46. Bxc7 a3 47. Qc6 a2 48. Qxb6 a1=Q 49. Qxc5 Qf6 50. Ng3 Kh7 51. Ne4 Qe6 52. Ng5+ Kg8 53. Nxe6 fxe6 54. Qd6 Bf6 55. Qe5 Kg7 56. Qxe6 Bd4 57.
Be5+ Bxe5+ 58. Qxe5+ Kh6 59. c5 h4 60. Qf4+ g5 61.
Qg4 Kg6 62. c6 Kf6 63. c7 Kf7 64. c8=Q Ke7 65. Qxg5+ Kd6 66. Qf6+ Kd5 67. Qcd8+ Kc5 68. Qfe7+ Kc4 69. Qec7+ Kb4 70. Qdb8+ Ka4 71. Qca7# 1-0